 Dungeon Crawl Stone Soup version 0.14-a0-1169-g4815781 (webtiles) character file.

34326 PolkaDot the Brawler (level 13, 0/120 (121) HPs)
             Began as a Troll Death Knight on Nov 29, 2013.
             Was the Champion of Yredelemnul.
             Succumbed to a spiny frog's poison
             ... on Level 8 of the Lair of Beasts.
             The game lasted 01:42:59 (18594 turns).

PolkaDot the Brawler (Troll Death Knight)          Turns: 18594, Time: 01:42:59

HP   0/120 (121) AC 21     Str 26      XL: 13   Next: 36%
MP   6/22        EV  6     Int 10      God: Yredelemnul [******]
Gold 1040        SH  2     Dex 13      Spells:  0 memorised, 12 levels left

rFire  . . .     SeeInvis .       - Unarmed
rCold  . . .     Clarity  .     N - +0 storm dragon armour
rNeg   . . .     Conserve .     (shield restricted)
rPois  .         rCorr    .     A - +2 wizard hat {Int+3} (curse)
rElec  +         rRot     .     (no cloak)
SustAb . .       Spirit   +     (gloves unavailable)
rMut   .         Warding  .     (boots unavailable)
Gourm  +         Stasis   .     d - amulet of guardian spirit
                                (no ring)
                                (no ring)

@: mildly poisoned, very slightly contaminated, somewhat resistant to hostile
enchantments, extremely unstealthy
A: unfitting armour, claws 3, large bone plates 1, fast metabolism 3, gourmand,
regeneration 2, robust 1, saprovore 2, shaggy fur 1, strong 1, tough skin 2
a: Animate Dead, Recall Undead Slaves, Injury Mirror, Drain Life, Enslave Soul,
Renounce Religion


You were on level 8 of the Lair of Beasts.
You worshipped Yredelemnul.
Yredelemnul was exalted by your worship.
You were not hungry.

You visited 2 branches of the dungeon, and saw 18 of its levels.
You also visited: Labyrinth.

You collected 1040 gold pieces.

Inventory:

Armour
 A - a cursed +2 wizard hat of intelligence (worn)
 N - a +0 storm dragon armour (worn)
Magical devices
 c - a wand of slowing (11)
 i - a wand of invisibility (2)
 j - a wand of paralysis (9)
 q - a wand of frost (10)
 r - a wand of paralysis (8)
 v - a wand of cold (0)
 B - a wand of polymorph (15)
 D - a wand of random effects (0)
 G - a wand of draining (2)
 H - a wand of paralysis (10)
 J - a wand of slowing (4)
 K - a wand of slowing (12)
 L - a wand of paralysis (12)
Comestibles
 a - 12 meat rations
 f - 12 bread rations
 k - 2 rambutans
 Q - 8 honeycombs
 R - a royal jelly
Scrolls
 b - a scroll of enchant weapon I
 e - a scroll of silence
 g - 9 scrolls of remove curse
 n - 5 scrolls of identify
 p - 2 scrolls of enchant weapon II
 s - 6 scrolls of magic mapping
 u - 3 scrolls of amnesia
 y - a scroll of blinking
 E - 3 scrolls of fog
 F - a scroll of curse armour
 P - a scroll of enchant armour
 U - a scroll of immolation
Jewellery
 d - an amulet of guardian spirit (around neck)
 W - an uncursed amulet of clarity
 X - an uncursed ring of protection from magic
Potions
 l - a potion of porridge
 x - a potion of magic
 z - 2 potions of brilliance
 S - a potion of restore abilities
Books
 m - a book of Enchantments

   Spells                             Type                      Level
   Cause Fear                         Hexes                        4
   Silence                            Hexes/Air                    5
   Tukima's Dance                     Hexes                        5
   Deflect Missiles                   Charms/Air                   6
   Haste                              Charms                       6
   Discord                            Hexes                        8
 M - a book of Necromancy

   Spells                             Type                      Level
   Pain                               Necromancy                   1
   Animate Skeleton                   Necromancy                   1
   Lethal Infusion                    Charms/Necromancy            2
   Vampiric Draining                  Necromancy                   3
   Regeneration                       Charms/Necromancy            3
   Animate Dead                       Necromancy                   4
   Control Undead                     Necromancy                   4
 O - a book of Spatial Translocations

   Spells                             Type                      Level
   Apportation                        Translocation                1
   Portal Projectile                  Translocation                2
   Blink                              Translocation                2
   Shroud of Golubria                 Charms/Translocation         2
   Teleport Other                     Translocation                3
   Passage of Golubria                Translocation                4
Rods
 Y - a +3 rod of demonology (12/12)
   (You found it in a labyrinth)
 Z - a -2 rod of warding (10/10)
   (You found it in a labyrinth)


   Skills:
 - Level 2.0 Fighting
 + Level 9.5 Armour
 + Level 6.1 Dodging
 * Level 15.5 Unarmed Combat
 - Level 9.5 Invocations


You had 12 spell levels left.
You didn't know any spells.

Dungeon Overview and Level Annotations

Branches:
Dungeon (10/16)            Temple (0/1) D:6            Lair (8/8) D:8
  Swamp (0/5) Lair:4        Snake (0/5) Lair:4        Slime (0/6) Lair:6
    Orc: D:9-12

Altars:
Fedhas
Kikubaaqudgha
Jiyva

Annotations:
D:9 exclusion: orange crystal statue
D:10 wojtek's ghost, experienced MiFi


Innate Abilities, Weirdness & Mutations

You are too large for most types of armour.
You have claws for hands.
Your metabolism is lightning-fast.
You like to eat raw meat.
You heal very quickly.
You can eat rotten meat.
You are covered in fur (AC +1).
You have very tough skin (AC +2).
You are partially covered in large bone plates (AC +2, SH +2).
You are robust (+10% HP).
Your muscles are strong. (Str +2)


Message History

* * * LOW HITPOINT WARNING * * *
You feel sick.
You feel a little better.
The water moccasin bites you but does no damage.
You claw the water moccasin!
The water moccasin begins to bleed from its wounds!
The water moccasin is heavily wounded.
* * * LOW HITPOINT WARNING * * *
You feel sick.
You feel a little better.
The water moccasin bites you but does no damage.
You mangle the water moccasin!!
You kill the water moccasin!
Yredelemnul accepts your kill.
* * * LOW HITPOINT WARNING * * *
You feel sick.
You feel a little better.
Eat which item? (? for menu, Esc to quit)
You die...
Your body rises from the dead as a mindless zombie.

##...........$.............z
##P............<........P.F
###..................$P..≈
###.............P.≈..≈..
#...............P.≈..P{
##.#....#............≈≈
########......P..≈≈≈≈≈
#######P..y.≈≈ ≈.≈≈≈
#..@####.... ≈≈
##.%f.##....≈
##.ff...P......
#..............
##......y^f....
#.........fff.
##.f.......fy. #f.f........P
#.ffP.......


You could see a vampire mosquito.

Vanquished Creatures
  Gastronok (D:9)
  A minotaur (Lab)
  5 death yaks
  2 catoblepae
  A griffon (Lair:5)
  A hill giant (D:9)
  A black mamba (Lair:4)
  7 elephants
  3 spiny frogs
  Grinder (D:4)
  5 komodo dragons
  15 blink frogs
  A two-headed ogre (D:9)
  A wyvern (D:8)
  A merfolk (D:7)
  A hungry ghost (D:8)
  2 sharks (Lair:4)
  28 yaks
  4 wolves (Lair:2)
  7 hippogriffs
  2 vampire mosquitoes (Lair:4)
  Edmund (D:6)
  Menkaure (D:7)
  A necrophage (D:5)
  7 porcupines
  3 phantoms
  4 giant goldfish (Lair:4)
  An ice beast (D:9)
  A black bear (D:8)
  3 sky beasts
  A centaur (D:6)
  An ogre (D:8)
  7 crocodiles
  4 agate snails
  21 giant frogs
  6 water moccasins
  A killer bee (Lair:3)
  A jellyfish (Lair:4)
  2 electric eels (Lair:4)
  3 crimson imps
  5 hounds
  5 big fish
  A goliath beetle (D:8)
  An orc priest (D:3)
  3 jellies
  2 gnoll shamans
  5 orc wizards
  4 iguanas
  A giant frog skeleton (D:5)
  A quasit (D:9)
  2 scorpions
  6 worker ants
  Ijyb (D:3)
  2 ogre skeletons (D:4)
  A hound skeleton (D:4)
  10 gnolls
  14 adders
  5 giant centipedes
  24 green rats
  3 giant mites
  4 worms
  A scorpion zombie (D:5)
  An adder zombie (D:8)
  2 adder skeletons
  A giant eyeball (D:6)
  2 oozes (D:4)
  32 orcs
  2 ball pythons
  A bat skeleton (D:5)
  12 goblins
  15 hobgoblins
  11 jackals
  7 quokkas
  15 bats
  4 giant cockroaches
  6 giant geckos
  5 giant newts
  2 hobgoblin zombies
  19 kobolds
  An orc skeleton (D:5)
  17 rats
  3 rat skeletons
  A rat zombie (D:5)
  A fungus (Lair:8)
  2 plants (D:4)
422 creatures vanquished.

Vanquished Creatures (collateral kills)
  Maud (Lair:5)
  Snorg (Lair:4)
  A hydra (Lair:1)
  A death yak (Lair:8)
  3 elephants
  A black mamba (Lair:2)
  2 spiny frogs (Lair:1)
  A queen bee (Lair:3)
  2 komodo dragons
  Prince Ribbit (D:7)
  9 blink frogs
  A flying skull (D:9)
  A wyvern (Lair:2)
  A hungry ghost (D:8)
  A shark (Lair:4)
  2 yaks (Lair:7)
  A vampire mosquito (Lair:4)
  A porcupine (Lair:4)
  A giant goldfish (Lair:4)
  5 centaurs
  A phantom (D:8)
  2 ice beasts
  2 crocodiles (Lair:1)
  An ogre (D:4)
  2 giant slugs
  3 water moccasins
  3 giant frogs
  A wyvern zombie (D:6)
  A wyvern skeleton (D:8)
  A jelly (D:7)
  A jellyfish (Lair:4)
  An electric eel (Lair:4)
  22 killer bees (Lair:3)
  A hound (D:8)
  An orc priest (D:9)
  A scorpion (D:7)
  A worker ant (D:8)
  3 adders
  10 green rats
  A giant eyeball (D:7)
  4 orcs
  4 goblins
  2 hobgoblins
  5 jackals
  2 quokkas (Lair:1)
  8 bats
  A rat (Lair:2)
  A rat zombie (D:4)
  A plant (Lair:4)
124 creatures vanquished.

Vanquished Creatures (others)
  A flaming corpse (Lair:7)
  A death yak zombie (Lair:8)
  6 flying skulls
  A black mamba zombie (Lair:4)
  A wraith (Lair:4)
  2 agate snail zombies
  A freezing wraith (Lair:4)
  2 elephant zombies (Lair:5)
  4 blink frog zombies
  A vampire mosquito zombie (Lair:4)
  4 yak zombies
  A hippogriff zombie (Lair:4)
  3 wights
  A hippogriff skeleton (Lair:5)
  A wolf zombie (Lair:2)
  2 yak skeletons
  A centaur zombie (Lair:4)
  6 giant frog zombies
  3 water moccasin zombies
  A porcupine skeleton (Lair:4)
  A killer bee zombie (Lair:3)
  A crocodile skeleton (Lair:1)
  A worker ant zombie (D:7)
  An adder zombie (Lair:8)
  3 giant centipede zombies
  An iguana zombie (Lair:1)
  A scorpion zombie (D:8)
  A bat skeleton (D:1)
  A giant mite zombie (Lair:4)
  A giant gecko skeleton (D:2)
  A giant newt skeleton (D:2)
  A giant newt zombie (D:4)
  9 green rat zombies
  A hobgoblin zombie (D:4)
  A kobold zombie (D:6)
  An orc skeleton (D:5)
  An orc zombie (D:4)
  A quokka skeleton (Lair:2)
  A quokka zombie (Lair:1)
  2 rat zombies
  4 fungi
  4 plants
82 creatures vanquished.

Grand Total: 628 creatures vanquished

Notes
Turn   | Place    | Note
--------------------------------------------------------------
     0 | D:1      | PolkaDot, the Troll Death Knight, began the quest for the Orb.
     0 | D:1      | Reached XP level 1. HP: 20/20 MP: 2/2
    95 | D:1      | Reached XP level 2. HP: 28/28 MP: 2/2
   520 | D:2      | Reached XP level 3. HP: 35/35 MP: 4/4
   586 | D:2      | Acquired Yredelemnul's second power
   586 | D:2      | Reached skill level 1 in Armour
   648 | D:2      | Reached skill level 3 in Invocations
   656 | D:2      | Reached XP level 4. HP: 17/44 MP: 3/5
  1184 | D:3      | Reached XP level 5. HP: 43/50 MP: 5/5
  1341 | D:3      | Acquired Yredelemnul's third power
  1348 | D:3      | Noticed Ijyb
  1357 | D:3      | Killed Ijyb
  1889 | D:4      | Reached XP level 6. HP: 51/54 MP: 7/7
  1996 | D:4      | Reached skill level 4 in Invocations
  2124 | D:4      | Noticed an ogre
  2131 | D:4      | Killed an ogre
  2174 | D:4      | Acquired Yredelemnul's fourth power
  2208 | D:4      | Noticed Grinder
  2215 | D:4      | Killed Grinder
  2215 | D:4      | Reached XP level 7. HP: 44/61 MP: 5/9
  2671 | D:5      | Entered Level 5 of the Dungeon
  2822 | D:5      | Reached skill level 5 in Unarmed Combat
  2873 | D:5      | Reached skill level 5 in Invocations
  3711 | D:6      | Reached XP level 8. HP: 53/72 MP: 6/11
  3738 | D:6      | Reached skill level 6 in Unarmed Combat
  3838 | D:6      | Noticed Edmund
  3851 | D:6      | Killed Edmund
  4021 | D:6      | Paralysed by a giant eyeball for 4 turns
  4198 | D:6      | Found a staircase to the Ecumenical Temple.
  4239 | D:6      | Reached skill level 7 in Unarmed Combat
  4646 | D:7      | Noticed Prince Ribbit
  4648 | D:7      | Paralysed by a potion of paralysis for 7 turns
  4739 | D:7      | Noticed Menkaure
  4744 | D:7      | Killed Menkaure
  4794 | D:7      | Reached skill level 5 in Armour
  4794 | D:7      | Reached XP level 9. HP: 29/78 MP: 5/14
  4880 | D:7      | Reached skill level 8 in Unarmed Combat
  5188 | D:7      | Paralysed by a giant eyeball for 3 turns
  5196 | D:7      | Paralysed by a giant eyeball for 2 turns
  5199 | D:7      | Paralysed by a giant eyeball for 2 turns
  5203 | D:7      | Acquired Yredelemnul's fifth power
  5203 | D:7      | Received a gift from Yredelemnul
  5207 | D:7      | Paralysed by a giant eyeball for 4 turns
  5557 | D:7      | Killed Prince Ribbit
  5742 | D:8      | Reached skill level 9 in Unarmed Combat
  6084 | D:8      | Found a staircase to the Lair.
  6590 | D:9      | Reached XP level 10. HP: 71/86 MP: 13/17
  6592 | D:9      | Noticed Gastronok
  6605 | D:9      | Killed Gastronok
  6605 | D:9      | Reached skill level 10 in Unarmed Combat
  6623 | D:9      | Found a blossoming altar of Fedhas.
  6663 | D:9      | Received a gift from Yredelemnul
  6882 | D:9      | Noticed a hill giant
  6900 | D:9      | Killed a hill giant
  7549 | D:10     | Entered Level 10 of the Dungeon
  7596 | D:10     | Noticed wojtek's ghost (experienced MiFi)
  7726 | Lair:1   | Entered Level 1 of the Lair of Beasts
  7748 | Lair:1   | Reached skill level 11 in Unarmed Combat
  7938 | Lair:1   | Received a gift from Yredelemnul
  8183 | Lair:1   | Reached XP level 11. HP: 38/93 MP: 4/19
  8536 | Lair:2   | Noticed a catoblepas
  8549 | Lair:2   | Killed a catoblepas
  8577 | Lair:2   | Noticed a five-headed hydra
  8605 | Lair:1   | Killed a five-headed hydra
  8605 | Lair:1   | Reached skill level 12 in Unarmed Combat
  9283 | Lair:2   | Received a gift from Yredelemnul
  9810 | Lair:2   | Received a gift from Yredelemnul
 10203 | Lair:3   | Reached skill level 13 in Unarmed Combat
 10640 | Lair:3   | Received a gift from Yredelemnul
 11358 | Lair:4   | Found a staircase to the Swamp.
 11385 | Lair:4   | Reached XP level 12. HP: 78/103 MP: 16/22
 11557 | Lair:4   | Noticed Snorg
 11584 | Lair:4   | Killed Snorg
 12000 | Lair:4   | Found an ancient bone altar of Kikubaaqudgha.
 12523 | Lair:4   | Found a staircase to the Snake Pit.
 12524 | Lair:4   | Noticed a catoblepas
 12543 | Lair:4   | Killed a catoblepas
 12555 | Lair:4   | Reached skill level 14 in Unarmed Combat
 12802 | Lair:5   | Noticed Maud
 13029 | Lair:5   | Received a gift from Yredelemnul
 13049 | Lair:5   | Killed Maud
 13049 | Lair:5   | Reached skill level 5 in Dodging
 13645 | Lair:6   | Found a viscous altar of Jiyva.
 13646 | Lair:6   | Found a staircase to the Slime Pits.
 13801 | Lair:6   | Found a labyrinth entrance.
 13816 | Lair:6   | Received a gift from Yredelemnul
 13853 | Lab      | Entered a labyrinth
 16568 | Lab      | Noticed a minotaur
 16582 | Lab      | Killed a minotaur
 16601 | Lab      | Got a transparent ruby amulet
 16601 | Lab      | Got an ancient ivory amulet
 16630 | Lab      | Identified the amulet "Muid" {Spirit Str-1 Int-4} (You found it in a labyrinth)
 16631 | Lab      | Identified the amulet of Schoal {Inacc Dex+4 Int+1} (You found it in a labyrinth)
 16632 | Lab      | Identified a +3 rod of demonology (12/12) (You found it in a labyrinth)
 16633 | Lab      | Identified a -2 rod of warding (10/10) (You found it in a labyrinth)
 17010 | Lair:7   | Gained mutation: You are partially covered in large bone plates (AC +2, SH +2). [potion of mutation]
 17010 | Lair:7   | Gained mutation: Your muscles are strong. (Str +2) [potion of mutation]
 17010 | Lair:7   | Gained mutation: You are robust (+10% HP). [potion of mutation]
 17509 | Lair:7   | Reached XP level 13. HP: 73/120 MP: 21/22
 17639 | Lair:7   | Reached skill level 15 in Unarmed Combat
 17731 | Lair:7   | Noticed a four-headed hydra
 18201 | Lair:8   | Entered Level 8 of the Lair of Beasts
 18579 | Lair:8   | HP: 6/120 [poisoned by a spiny frog]
 18584 | Lair:8   | HP: 3/120 [poisoned by a spiny frog]
 18589 | Lair:8   | HP: 2/120 [poisoned by a spiny frog]
 18594 | Lair:8   | Succumbed to a spiny frog's poison

Action                   |  1- 3 |  4- 6 |  7- 9 | 10-12 | 13-15 || total
-------------------------+-------+-------+-------+-------+-------++-------
Melee: Unarmed           |    70 |   284 |   404 |   713 |   201 ||  1672
       Rod               |       |       |       |    22 |       ||    22
Invok: Animate Remains   |     5 |     6 |       |       |       ||    11
       Animate Dead      |       |    13 |    21 |    49 |    14 ||    97
       Recall Undead Sla |       |       |       |    13 |     1 ||    14
       Drain Life        |       |       |       |     1 |       ||     1
Evoke: Wand              |       |       |     1 |    22 |     3 ||    26
  Use: Potion            |       |     7 |     5 |    15 |     1 ||    28
       Scroll            |       |       |     2 |    33 |     6 ||    41
 Stab: Distracted        |       |     1 |     1 |     3 |     1 ||     6
       Paralysed         |       |       |     3 |       |       ||     3
       Invisible         |       |       |       |       |     4 ||     4
